[Event "Early-Titled-Tuesday-Blitz-February-27-2024"]
[Site "Chess.com"]
[Date "2024.02.27"]
[Round "2"]
[White "blitzking1729"]
[Black "RamyresCoelho"]
[Result "1-0"]
[WhiteElo "2683"]
[BlackElo "2273"]
[TimeControl "180+1"]
[EndTime "8:15:31 PST"]
[Termination "blitzking1729 won by resignation"]

1. c4 Nf6 2. g3 g6 3. Bg2 Bg7 4. Nf3 O-O 5. O-O d6 6. Nc3 c6 7.
d4 Nbd7 8. e4 e5 9. h3 exd4 10.
Nxd4 Ne5 11. b3 Re8 12. Bb2 Qc7 13. Rc1 Be6 14. f4 Ned7 15. f5 gxf5 16. exf5 Bxc4 17. bxc4 Qb6 18. Na4 Qa5 19. Bc3 Qe5 20. Kh2 Ne4 21.
Bxe4 Qxe4 22. Re1 Qxe1 23. Bxe1 c5 24. Nb5 Ne5 25. Nc7 Bh6 26. Rc2 Nc6 27. Nxe8 Rxe8 28.
Re2 Be3 29. Bf2 1-0

[Event "Early-Titled-Tuesday-Blitz-February-27-2024"]
[Site "Chess.com"]
[Date "2024.02.27"]
[Round "2"]
[White "kleinebeer98"]
[Black "NMJeevanK"]
[Result "1-0"]
[WhiteElo "2874"]
[BlackElo "2591"]
[TimeControl "180+1"]
[EndTime "8:15:36 PST"]
[Termination "kleinebeer98 won by checkmate"]

1. e4 e5 2. Nc3 Nf6 3. f4 d6 4.
fxe5 dxe5 5. Nf3 Nbd7 6. d3 Bc5 7. Na4 Bd6 8. Be2 c6 9. O-O O-O 10. Kh1 h6 11. Qe1 Nb6 12. Nc3 Kh8 13. Nh4 Nh7 14.
Qg3 Be7 15. Nf5 Bxf5 16. Rxf5 f6 17. Bh5 Ng5 18. Bg6 Bc5 19. Qg4 Qd4 20. Bd2 Rad8 21.
Raf1 a5 22. Qh5 Kg8 23. h4 Ne6 24. Qg4 Kh8 25. Bxh6 gxh6 26. Rh5 Ng7 27. Rxh6+ Kg8 28. Bh7+ Kf7 29. Rhxf6+ Ke8 30. Qxg7 Rxf6 31. Bg6+ Rxg6 32. Qf7# 1-0

[Event "Early-Titled-Tuesday-Blitz-February-27-2024"]
[Site "Chess.com"]
[Date "2024.02.27"]
[Round "2"]
[White "kai_nov"]
[Black "banhgiahuy2606"]
[Result "0-1"]
[WhiteElo "2343"]
[BlackElo "2643"]
[TimeControl "180+1"]
[EndTime "8:15:36 PST"]
[Termination "banhgiahuy2606 won by checkmate"]

1. e4 e6 2. d4 d5 3. e5 c5 4. c3 Qb6 5. Nf3 Bd7 6. Be2 Bb5 7. O-O Bxe2 8. Qxe2 cxd4 9. cxd4 Nc6 10. Rd1 Nge7 11. Nc3 Nf5 12. Be3 Bb4 13. a3 Bxc3 14. bxc3 Na5 15. Rab1 Qc6 16. Qb5 Qxb5 17. Rxb5 b6 18. g4 Nxe3 19. fxe3 Nc4 20. Kf2 Nxa3 21. Rb3 Nc4 22. Ra1 Kd7 23. Ke2 a5 24. Nd2 Nxd2 25.
Kxd2 Kc6 26. Rab1 Rhb8 27. Rb5 a4 28. Kd3 a3 29. c4 a2 30. Ra1 dxc4+ 31. Kxc4 Ra4+ 32.
Rb4 b5+ 33. Kb3 Rxb4+ 34. Kxb4 Ra8 35. e4 Ra4+ 36. Kc3 Ra3+ 37. Kb2 Rd3 38. Rc1+ Kb6 39.
Rf1 Rd2+ 40. Ka1 b4 41. Rxf7 b3 42. Rxg7 Rd1+ 43. Kb2 a1=Q+ 44. Kxb3 Rd3+ 45. Kc2 Qc3+ 46. Kb1 Rd1+ 47. Ka2 Ra1# 0-1

[Event "Early-Titled-Tuesday-Blitz-February-27-2024"]
[Site "Chess.com"]
[Date "2024.02.27"]
[Round "2"]
[White "oneshot007"]
[Black "Zkid"]
[Result "0-1"]
[WhiteElo "2432"]
[BlackElo "2921"]
[TimeControl "180+1"]
[EndTime "8:15:36 PST"]
[Termination "Zkid won by resignation"]

1. e4 c5 2. Nf3 d6 3. Bb5+ Bd7 4. Bxd7+ Nxd7 5. O-O Ngf6 6. Qe2 e6 7. c4 Be7 8. b3 O-O 9. Bb2 a6 10. d4 cxd4 11.
Nxd4 Re8 12. Nc3 d5 13. exd5 exd5 14. Nxd5 Nxd5 15. cxd5 Bf6 16. Qd2 Nc5 17. Nf5 Ne4 18. Bxf6 Qxf6 19. Qf4 g6 20. Nh6+ Kg7 21. Qe3 Qh4 22. Qd4+ Qf6 23. f3 Qxd4+ 0-1

[Event "Early-Titled-Tuesday-Blitz-February-27-2024"]
[Site "Chess.com"]
[Date "2024.02.27"]
[Round "2"]
[White "Alexander_Donchenko"]
[Black "semchik73"]
[Result "1-0"]
[WhiteElo "2893"]
[BlackElo "2426"]
[TimeControl "180+1"]
[EndTime "8:15:37 PST"]
[Termination "Alexander_Donchenko won by resignation"]

1. e4 Nf6 2. e5 Nd5 3. d4 d6 4. c4 Nb6 5. exd6 cxd6 6. Nc3 g6 7.
h3 Bg7 8. Nf3 O-O 9. Be2 Nc6 10.
O-O Bf5 11. d5 Na5 12. Nd4 Naxc4 13. a4 a5 14. Nxf5 gxf5 15. Bd3 e6 16. Qb3 Ne5 17. Bc2 Nec4 18. Rd1 Qc7 19. Nb5 Qc5 20. dxe6 fxe6 21. Bf4 d5 22. Nc7 Qb4 23. Nxe6 Qxb3 24. Bxb3 Bxb2 25.
Ra2 Rf6 26. Nc7 Rc8 27. Nxd5 Nxd5 28. Rxd5 Kf8 29. Bg5 Rg6 30. Rxf5+ Ke8 31. Bxc4 Rxc4 32. Rxb2 Rc1+ 33. Bxc1 1-0

[Event "Early-Titled-Tuesday-Blitz-February-27-2024"]
[Site "Chess.com"]
[Date "2024.02.27"]
[Round "2"]
[White "IamSchrodingersCat"]
[Black "Shield12"]
[Result "0-1"]
[WhiteElo "2629"]
[BlackElo "2979"]
[TimeControl "180+1"]
[EndTime "8:15:38 PST"]
[Termination "Shield12 won on time"]

1. e4 c5 2. Nf3 e6 3. d3 Nc6 4.
Nbd2 d5 5. g3 Bd6 6. Bg2 Nge7 7.
O-O O-O 8. exd5 exd5 9. Re1 h6 10.
c3 Be6 11. Nf1 Qd7 12. d4 c4 13. Ne5 Bxe5 14. dxe5 d4 15. cxd4 Nxd4 16. Be3 Nef5 17. g4 Nxe3 18. Nxe3 Rad8 19. f4 Qc7 20. Qa4 b5 21.
Qa6 Bc8 22. Qa3 a5 23. Kh1 b4 24. Qa4 Bb7 25. Rad1 Bxg2+ 26. Nxg2 Nf3 27. Rf1 Nd2 28. Rfe1 c3 29. bxc3 Qxc3 30. Qxa5 Rd4 31. Qb6 Rfd8 32. Ne3 Nc4 0-1

[Event "Early-Titled-Tuesday-Blitz-February-27-2024"]
[Site "Chess.com"]
[Date "2024.02.27"]
[Round "2"]
[White "FLYD"]
[Black "Mikasinski"]
[Result "1-0"]
[WhiteElo "1840"]
[BlackElo "2648"]
[TimeControl "180+1"]
[EndTime "8:15:38 PST"]
[Termination "FLYD won by checkmate"]

1. e4 c5 2. Nf3 d6 3. d4 cxd4 4.
Nxd4 Nf6 5. Nc3 g6 6. Be3 Bg7 7. f3 O-O 8. Qd2 Nc6 9. O-O-O Bd7 10. h4 Rc8 11. h5 Nxh5 12. Nxc6 Rxc6 13. Bh6 Bxh6 14.
Qxh6 Rxc3 15. bxc3 Qa5 16. g4 Nf6 17. Bd3 e5 18. g5 Nh5 19. f4 exf4 20. Rxh5 gxh5 21. e5 f5 22. Bc4+ Rf7 23. Bxf7+ Kxf7 24. Qxh7+ Ke8 25. Qg8+ Ke7 26. exd6# 1-0

[Event "Early-Titled-Tuesday-Blitz-February-27-2024"]
[Site "Chess.com"]
[Date "2024.02.27"]
[Round "2"]
[White "DamianoLew95"]
[Black "leclash"]
[Result "1-0"]
[WhiteElo "2663"]
[BlackElo "2395"]
[TimeControl "180+1"]
[EndTime "8:15:38 PST"]
[Termination "DamianoLew95 won by resignation"]

1. e4 e5 2. Nf3 Nc6 3. Bb5 d6 4. c3 Bd7 5. d4 Nf6 6. d5 Ne7 7. Bxd7+ Qxd7 8. Nbd2 Ng6 9. g3 Be7 10. Qe2 O-O 11. h4 Qg4 12. Ng5 Qxe2+ 13. Kxe2 Nh5 14. Nh3 f5 15. exf5 Rxf5 16. Ne4 Raf8 17. Be3 a6 18. a4 h6 19. a5 R5f7 20. Ra4 Nf6 21. Nxf6+ Bxf6 22. Rb4 c6 23. dxc6 bxc6 24. Rb6 Bd8 25. Rxa6 e4 26.
Rxc6 Ne5 27. Rxd6 Nc4 28. Rd5 Bxa5 29. Bd4 Bb6 30. b3 Bxd4 31. Rxd4 Na5 32. b4 Nb3 33. Rxe4 Rd7 34. Rd1 1-0

[Event "Early-Titled-Tuesday-Blitz-February-27-2024"]
[Site "Chess.com"]
[Date "2024.02.27"]
[Round "2"]
[White "PolandHussars"]
[Black "NewYearGirl"]
[Result "1-0"]
[WhiteElo "2593"]
[BlackElo "2363"]
[TimeControl "180+1"]
[EndTime "8:15:39 PST"]
[Termination "PolandHussars won by resignation"]

1. e4 c5 2. Ne2 g6 3. g3 Bg7 4. Bg2 Nc6 5. c3 e5 6. d3 Nf6 7. Be3 b6 8. h3 Bb7 9. f4 d5 10. fxe5 Nxe5 11. Bf4 Nh5 12. Bxe5 Bxe5 13. g4 Ng3 14. Nxg3 Bxg3+ 15. Ke2 dxe4 16. Bxe4 Qe7 17. Kf3 Bxe4+ 18. dxe4 Qe5 19. Rf1 O-O 20. Kg2 Rad8 21.
Qf3 Bh4 22. Kh1 c4 23. Na3 Rd3 24. Nxc4 Rxf3 25. Nxe5 Rxh3+ 26. Kg2 Re3 27. Nf3 Re2+ 28. Kh3 Be7 29. Rad1 Rxb2 30. Rd7 Bd8 31. Rxa7 Rc2 32. Ra3 Be7 33. Rb3 Rc8 34. Rxb6 R8xc3 35. Rb3 Rxb3 36.
axb3 Rb2 37. Nd4 Rxb3+ 38. Nxb3 1-0

[Event "Early-Titled-Tuesday-Blitz-February-27-2024"]
[Site "Chess.com"]
[Date "2024.02.27"]
[Round "2"]
[White "chessamical"]
[Black "Iskusnyh"]
[Result "0-1"]
[WhiteElo "2169"]
[BlackElo "2668"]
[TimeControl "180+1"]
[EndTime "8:15:40 PST"]
[Termination "Iskusnyh won on time"]

1. Nf3 d5 2. d4 Nf6 3. Bf4 c5 4. e3 Nc6 5. Nbd2 cxd4 6. exd4 Bg4 7. c3 e6 8. Qb3 Bd6 9. Ne5 Bxe5 10. dxe5 Nd7 11. h3 Bh5 12. Bb5 O-O 13. Bxc6 bxc6 14.
O-O Nc5 15. Qa3 Nd3 16. Bh2 Be2 17. Rfb1 Qg5 18. Nf1 Qf5 0-1

[Event "Early-Titled-Tuesday-Blitz-February-27-2024"]
[Site "Chess.com"]
[Date "2024.02.27"]
[Round "2"]
[White "DmitryMaximov"]
[Black "MaxLeto"]
[Result "1-0"]
[WhiteElo "2785"]
[BlackElo "2548"]
[TimeControl "180+1"]
[EndTime "8:15:44 PST"]
[Termination "DmitryMaximov won on time"]

1. e4 c5 2. Nf3 d6 3. c3 Nf6 4. Bc4 Nxe4 5. Qa4+ Nd7 6. Bxf7+ Kxf7 7. Qxe4 Nf6 8. Qe2 h6 9. O-O g6 10. d4 cxd4 11. Nxd4 Bg7 12. Na3 Rf8 13. Be3 Kg8 14.
Rad1 Kh7 15. Rfe1 a6 16. h3 Bd7 17. Bc1 Ng8 18. h4 Qa5 19. Nc4 Qxa2 20. Nb6 Rad8 21. Nxd7 Rxd7 22. Ne6 Rf5 23. Nxg7 Kxg7 24. g4 Re5 25.
Qxe5+ dxe5 26. Rxd7 Qa4 27. Rd3 Qxg4+ 28. Rg3 Qxh4 29. Rxe5 Nf6 30. Rxe7+ Kf8 31. Rxb7 Ne4 32. Rf3+ Ke8 33. Rf4 1-0

[Event "Early-Titled-Tuesday-Blitz-February-27-2024"]
[Site "Chess.com"]
[Date "2024.02.27"]
[Round "2"]
[White "ZuraTqebuchava"]
[Black "Fernando_Offermann"]
[Result "0-1"]
[WhiteElo "2200"]
[BlackElo "2489"]
[TimeControl "180+1"]
[EndTime "8:15:44 PST"]
[Termination "Fernando_Offermann won on time"]

1. e4 c5 2. Nf3 d6 3. Bb5+ Nd7 4. O-O a6 5. Bxd7+ Bxd7 6. h3 e5 7. c3 f5 8. exf5 Bxf5 9. d4 e4 10. Nh2 Nf6 11. dxc5 dxc5 12. Qxd8+ Rxd8 13. Bg5 Kf7 14. Na3 b5 15. Nc2 h6 16. Bxf6 Kxf6 17. Ne3 Be6 18. Nhg4+ Kg5 19. Rad1 Bd6 20. c4 h5 21. Nh2 Be5 22.
b3 Rd3 23. Nf3+ Kf6 24. Nxe5 Kxe5 25. cxb5 axb5 26. Rc1 Rc8 27. Rc2 c4 28. bxc4 bxc4 29. Rfc1 Kd4 30. a4 c3 31. a5 Bb3 32. Re2 Ra8 33.
Nf5+ Ke5 34. Ne7 Rd1+ 35. Re1 Rxe1+ 36. Rxe1 c2 37. Rc1 Kd4 38. Nf5+ Kc3 39. Re1 Rd8 40. Ne3 Kb4 41. a6 Rd1 42. Nxd1 c1=Q 43. a7 Bd5 44. a8=Q Bxa8 0-1

[Event "Early-Titled-Tuesday-Blitz-February-27-2024"]
[Site "Chess.com"]
[Date "2024.02.27"]
[Round "2"]
[White "AryanTari"]
[Black "wadsy27"]
[Result "1-0"]
[WhiteElo "2946"]
[BlackElo "2615"]
[TimeControl "180+1"]
[EndTime "8:15:45 PST"]
[Termination "AryanTari won by resignation"]

1. e4 e6 2. d4 d5 3. exd5 exd5 4. Nf3 Nc6 5. Bb5 Bd6 6. O-O Ne7 7. Re1 O-O 8. h3 Bf5 9. c3 a6 10. Ba4 Ng6 11.
Nbd2 Nf4 12. Nf1 Qf6 13. Bxc6 bxc6 14. Ne5 Bxh3 15. Bxf4 Qxf4 16. gxh3 f6 17. Nd3 Qh6 18. Qg4 f5 19. Qf3 Rf6 20. Re2 g5 21. Rae1 g4 22.
hxg4 Rg6 23. Ng3 Rxg4 24. Qxf5 Qg7 25. Ne5 Rf8 1-0

[Event "Early-Titled-Tuesday-Blitz-February-27-2024"]
[Site "Chess.com"]
[Date "2024.02.27"]
[Round "2"]
[White "klimkoj"]
[Black "KhazhatulyAlikhan"]
[Result "1-0"]
[WhiteElo "2822"]
[BlackElo "2419"]
[TimeControl "180+1"]
[EndTime "8:15:45 PST"]
[Termination "klimkoj won on time"]

1. g4 d5 2. h3 h5 3. g5 e5 4. h4 Ne7 5. Bg2 Ng6 6. d3 c6 7. e4 Be6 8. Ne2 Bc5 9. Nbc3 Qb6 10. exd5 cxd5 11. Nxd5 Bxf2+ 12. Kf1 Bxd5 13. Bxd5 Bxh4 14.
d4 Nc6 15. Qd3 Rd8 16. c4 O-O 17. Qxg6 Rxd5 18. Qxh5 Rxd4 19. Nxd4 Qxd4 20. Rxh4 Qd3+ 21. Qe2 Qf5+ 22. Kg1 Nd4 23. Qe4 Nf3+ 24. Kg2 Nxh4+ 25. Qxh4 Qc2+ 26. Qf2 Qxc4 27. Be3 Qg4+ 28. Qg3 Qe4+ 29.
Qf3 Qc2+ 30. Bf2 e4 31. Qf5 Rd8 32. Rh1 Rd2 33. g6 1-0

[Event "Early-Titled-Tuesday-Blitz-February-27-2024"]
[Site "Chess.com"]
[Date "2024.02.27"]
[Round "2"]
[White "HATilay"]
[Black "Msb2"]
[Result "0-1"]
[WhiteElo "2635"]
[BlackElo "3025"]
[TimeControl "180+1"]
[EndTime "8:15:50 PST"]
[Termination "Msb2 won by resignation"]

1. e4 e6 2. d4 d5 3. e5 c5 4. c3 Nc6 5. Nf3 Nge7 6. Bd3 cxd4 7. cxd4 Nf5 8. Bc2 Qb6 9. Bxf5 exf5 10. Nc3 Be6 11. O-O Be7 12. Na4 Qd8 13. a3 b6 14.
Bd2 Rc8 15. Rc1 O-O 16. b4 Qd7 17. Nb2 f4 18. Bxf4 Bg4 19. h3 Bxf3 20. Qxf3 Nxd4 21. Qd3 Ne6 22. Bd2 h6 23. f4 Rxc1 24. Bxc1 f5 25. Rd1 d4 26. Nc4 Qd5 27. Ne3 Qe4 28. Qb3 dxe3 29.
Qxe6+ Rf7 30. Re1 e2 31. Qa2 Qd4+ 32. Kh1 Bh4 33. Rxe2 Qd1+ 34. Kh2 Qxc1 35. g3 Bd8 36. Rc2 Qd1 37. Rc8 Kf8 38. Qe6 Qd2+ 39. Kh1 Qd7 40.
Qc4 Qd1+ 41. Kh2 Rd7 0-1

[Event "Early-Titled-Tuesday-Blitz-February-27-2024"]
[Site "Chess.com"]
[Date "2024.02.27"]
[Round "2"]
[White "m_ezat"]
[Black "LionKing2367890"]
[Result "1-0"]
[WhiteElo "2513"]
[BlackElo "2242"]
[TimeControl "180+1"]
[EndTime "8:15:52 PST"]
[Termination "m_ezat won by resignation"]

1. d4 Nf6 2. c4 e6 3. Nc3 Bb4 4. Qc2 d5 5. a3 Bxc3+ 6. Qxc3 dxc4 7. Qxc4 O-O 8. Bg5 b6 9. Nf3 Ba6 10. Qc2 Nbd7 11. e4 Bxf1 12. Rxf1 h6 13. Bh4 Qc8 14. O-O-O c5 15. d5 exd5 16. e5 Nh7 17.
Rxd5 Qc6 18. Rfd1 Nb8 19. Rd6 Qb5 20. Qe4 Na6 21. Rd7 c4 22. Rxf7 Nc5 23. Rxf8+ Rxf8 24. Qd5+ Kh8 25. Be7 Nd3+ 26. Rxd3 1-0

[Event "Early-Titled-Tuesday-Blitz-February-27-2024"]
[Site "Chess.com"]
[Date "2024.02.27"]
[Round "2"]
[White "Rud_Makarian"]
[Black "SirStrateg"]
[Result "1-0"]
[WhiteElo "3111"]
[BlackElo "2660"]
[TimeControl "180+1"]
[EndTime "8:15:53 PST"]
[Termination "Rud_Makarian won by resignation"]

1. d4 d6 2. Nf3 Bg4 3. c4 c6 4. Nc3 Nd7 5. g3 Bxf3 6. exf3 e5 7. Bg2 exd4 8. Qxd4 Ngf6 9. O-O Be7 10. b3 O-O 11.
Bb2 Qb6 12. Qd2 Nc5 13. Rfe1 Rfe8 14. f4 Bf8 15. Bf3 a5 16. Ba3 Rxe1+ 17. Rxe1 Re8 18. Rxe8 Nxe8 19. Kg2 Nf6 20. h4 h5 21. Qe2 a4 22.
b4 Ne6 23. Qd1 d5 24. cxd5 cxd5 25. Nxd5 Nxd5 26. Qxd5 Bxb4 27. Bxb4 Qxb4 28. f5 Nd4 29. Bxh5 Nxf5 30. Qxf7+ 1-0

[Event "Early-Titled-Tuesday-Blitz-February-27-2024"]
[Site "Chess.com"]
[Date "2024.02.27"]
[Round "2"]
[White "Manukyan_Artak"]
[Black "AnaKuchava"]
[Result "1-0"]
[WhiteElo "2490"]
[BlackElo "2202"]
[TimeControl "180+1"]
[EndTime "8:15:54 PST"]
[Termination "Manukyan_Artak won by resignation"]

1. e4 c5 2. Nf3 d6 3. c3 Nf6 4. Bd3 Nc6 5. Bc2 g6 6. h3 Bg7 7. d4 cxd4 8. cxd4 O-O 9. O-O a6 10. Nc3 b5 11. e5 dxe5 12. dxe5 Qxd1 13. Rxd1 Ne8 14. Be4 Bb7 15. Rd7 Nxe5 16. Rxb7 Nxf3+ 17. Bxf3 Rd8 18. Rxe7 Nd6 19. Bg5 Rc8 20. Re2 Nc4 21. Nd5 Kh8 22. Bf6 Rfd8 23. Bxd8 Rxd8 24. Rae1 1-0

[Event "Early-Titled-Tuesday-Blitz-February-27-2024"]
[Site "Chess.com"]
[Date "2024.02.27"]
[Round "2"]
[White "toninhojit"]
[Black "ChessArchitect64"]
[Result "1-0"]
[WhiteElo "2484"]
[BlackElo "2159"]
[TimeControl "180+1"]
[EndTime "8:15:54 PST"]
[Termination "toninhojit won by resignation"]

1. d4 Nf6 2. c4 c5 3. e3 e6 4.
Nf3 cxd4 5. exd4 d5 6. c5 Nc6 7. Bd3 Be7 8. O-O O-O 9. h3 Re8 10. Bf4 Ne4 11. Nc3 f5 12. Ne5 Nxe5 13. Bxe5 Bf6 14.
Bxf6 Qxf6 15. Bxe4 fxe4 16. f3 exf3 17. Rxf3 Qe7 18.
Qd2 Bd7 19. Re1 Qd8 20. Re5 b6 21. b4 a5 22. b5 bxc5 23. dxc5 Qc7 24. Qd4 Rad8 25.
c6 Bc8 26. a4 Rf8 27. Rg3 Rf5 28. Rxf5 Qxg3 29. Rf3 Qc7 30. Qc5 Bb7 31. Qa7 Rb8 32. cxb7 Rxb7 33. Qd4 Qc8 34. Nxd5 exd5 35. Qxd5+ Kh8 36.
Qxb7 Qc1+ 37. Rf1 Qc5+ 38. Kh1 h5 1-0

[Event "Early-Titled-Tuesday-Blitz-February-27-2024"]
[Site "Chess.com"]
[Date "2024.02.27"]
[Round "2"]
[White "AjedrezenMadrid"]
[Black "kingofthenil"]
[Result "0-1"]
[WhiteElo "2496"]
[BlackElo "2740"]
[TimeControl "180+1"]
[EndTime "8:15:56 PST"]
[Termination "kingofthenil won by resignation"]

1. Nf3 g6 2. e4 Bg7 3. d4 d6 4. Bd3 Nf6 5. O-O O-O 6. Re1 Nc6 7. c3 e5 8. d5 Nb8 9. c4 h6 10. Nc3 Nh7 11. Rb1 f5 12. b4 Nd7 13. Bd2 f4 14. c5 g5 15. c6 Ndf6 16. Bc4 b6 17. Nxe5 dxe5 18. d6+ Kh8 19. d7 Bxd7 20. cxd7 Qxd7 21. Nd5 Rad8 22. b5 Nxd5 23. Bxd5 Nf6 24. Bb4 Rfe8 25. Bc6 Qc8 26. Qc2 Rg8 27. Rbd1 f3 28. gxf3 Qh3 29. Rxd8 Rxd8 30. Rd1 Rg8 31. Qd3 g4 32. f4 exf4 33. Qxh3 gxh3 34. f3 Bf8+ 35. Kf1 Bxb4 36. e5 Nh5 37.
Rd7 Ng3+ 38. hxg3 fxg3 39. Be4 g2+ 40. Ke2 Re8 41. Rh7+ Kg8 0-1

[Event "Early-Titled-Tuesday-Blitz-February-27-2024"]
[Site "Chess.com"]
[Date "2024.02.27"]
[Round "2"]
[White "Der_Balak_3Halak"]
[Black "pfalcon1949"]
[Result "1-0"]
[WhiteElo "2438"]
[BlackElo "1871"]
[TimeControl "180+1"]
[EndTime "8:15:56 PST"]
[Termination "Der_Balak_3Halak won by resignation"]

1. Nf3 d5 2. g3 e6 3. Bg2 Nf6 4.
d4 Be7 5. O-O O-O 6. Bf4 c5 7. c3 Nc6 8. Nbd2 cxd4 9. cxd4 Nh5 10.
Be3 f5 11. Ne5 Nxe5 12. dxe5 f4 13. Bd4 Bd7 14. e4 fxe3 15. Bxe3 g6 16. Nb3 b6 17. Nd4 Rc8 18. Bh3 Ng7 19. Bh6 Rc4 20. b3 Rxd4 21. Qxd4 Nf5 22. Qd2 Nxh6 23. Qxh6 Rf7 24. Qd2 a5 25. f4 Bc5+ 26. Kh1 Bc6 27. Rad1 Re7 28. Bg2 Kg7 29. f5 gxf5 30. Qg5+ Kh8 31. Qf6+ Kg8 32.
Rf4 Qd7 33. Rdf1 Bb5 34. Rg4+ Rg7 35. Rxg7+ Qxg7 36. Qxe6+ Kh8 37. Qc8+ Qf8 38. Qxf8+ Bxf8 39. Rxf5 Kg7 40. Bxd5 Be8 41. Kg2 Be7 42. Kf3 Kg6 43. Be4 Bc6 44. Rf6+ Kg7 45. Rxc6 1-0

[Event "Early-Titled-Tuesday-Blitz-February-27-2024"]
[Site "Chess.com"]
[Date "2024.02.27"]
[Round "2"]
[White "Practical-Play"]
[Black "DuleMudule"]
[Result "0-1"]
[WhiteElo "2579"]
[BlackElo "2850"]
[TimeControl "180+1"]
[EndTime "8:15:57 PST"]
[Termination "DuleMudule won by resignation"]

1. e4 c6 2. d4 d5 3. Nc3 dxe4 4. Nxe4 Nf6 5. Ng5 h6 6. Nxf7 Kxf7 7. Nf3 Bf5 8. Ne5+ Kg8 9. Bc4+ Nd5 10. Qf3 Be6 11. O-O Nd7 12. Ng6 N7f6 13. Re1 Bf7 14. Nxh8 Kxh8 15.
c3 e6 16. Bd3 Bd6 17. g4 Qc7 18. h4 Rf8 19. g5 Bh5 20. Qh1 Ng4 21. Qe4 Bh2+ 22.
Kg2 g6 23. Be3 Ndxe3+ 24. Rxe3 Rxf2+ 25. Kh1 Nxe3 26. Qxe3 Bf3+ 0-1

[Event "Early-Titled-Tuesday-Blitz-February-27-2024"]
[Site "Chess.com"]
[Date "2024.02.27"]
[Round "2"]
[White "Mikhail_Bryakin"]
[Black "agvania123"]
[Result "1-0"]
[WhiteElo "2740"]
[BlackElo "2408"]
[TimeControl "180+1"]
[EndTime "8:15:57 PST"]
[Termination "Mikhail_Bryakin won by resignation"]

1. e4 d5 2. exd5 Qxd5 3. Qf3 c6 4. Nc3 Qxf3 5. Nxf3 Nf6 6. d3 Bg4 7. Ne5 Bh5 8. Bf4 Nbd7 9. Be2 Bxe2 10. Kxe2 e6 11. Rad1 Nh5 12. Nxd7 Nxf4+ 13. Kf3 Nxg2 14. Ne5 Nh4+ 15. Ke2 Ng6 16. Nc4 Be7 17. a4 Rd8 18. a5 a6 19. Ne4 f5 20. Ng3 O-O 21. d4 Bf6 22. c3 e5 23. Nxf5 exd4 24. Nxd4 Nf4+ 25.
Kf1 Bxd4 26. cxd4 Nh3 27. Rd2 Rf4 28. Kg2 Ng5 29. Rhd1 Rd5 30. b4 Ne6 31. Re1 Nxd4 32. Re8+ Rf8 33. Rxf8+ Kxf8 34. Nb6 Rg5+ 35. Kf1 Rg1+ 36.
Kxg1 Nf3+ 37. Kg2 Nxd2 38. Nd7+ Ke7 39. Nc5 Nc4 40. Nxb7 Ne5 41. Nc5 Kd6 42. Nxa6 Nd3 43. Kf3 g5 44. Ke3 Ne5 45. Nc5 Nc4+ 46. Kd4 h5 47.
Kxc4 1-0

[Event "Early-Titled-Tuesday-Blitz-February-27-2024"]
[Site "Chess.com"]
[Date "2024.02.27"]
[Round "2"]
[White "Mihajlovskij"]
[Black "Brahianzevich"]
[Result "1-0"]
[WhiteElo "2223"]
[BlackElo "2478"]
[TimeControl "180+1"]
[EndTime "8:15:57 PST"]
[Termination "Mihajlovskij won on time"]

1. e4 c5 2. Nf3 d6 3. d4 cxd4 4. Qxd4 Nc6 5. Bb5 Bd7 6. Qd3 Nf6 7. c4 a6 8. Bxc6 bxc6 9. Nc3 Qc7 10. O-O e5 11. h3 Be7 12. Be3 O-O 13. c5 dxc5 14.
Rac1 Rfd8 15. Na4 Bxh3 16. Qc2 Bg4 17. Nd2 Be2 18. Rfe1 Bd3 19. Qc3 c4 20. f3 Rab8 21. Nxc4 Bb4 22. Qb3 Bxe1 23. Bb6 Qd7 24. Nxe5 Qd6 25.
Nxf7 Rxb6 26. Nxb6 Qd4+ 27. Kh1 Rd5 28. Nxd5 cxd5 29. Ng5 Bc4 30. Qb8+ 1-0

[Event "Early-Titled-Tuesday-Blitz-February-27-2024"]
[Site "Chess.com"]
[Date "2024.02.27"]
[Round "2"]
[White "Chesstiger64"]
[Black "SaqoChess_Twitch"]
[Result "1-0"]
[WhiteElo "2347"]
[BlackElo "2610"]
[TimeControl "180+1"]
[EndTime "8:15:59 PST"]
[Termination "Chesstiger64 won by checkmate"]

1. d4 d5 2. Nf3 e6 3. e3 Nf6 4. Bd3 Be7 5. Nbd2 O-O 6. O-O b6 7. e4 Bb7 8. e5 Ne4 9. Qe2 Nxd2 10. Bxd2 Nd7 11. g3 c5 12. c3 cxd4 13. cxd4 Rc8 14. Rfc1 Rxc1+ 15. Rxc1 Qa8 16. h4 Rc8 17. Re1 Nf8 18. Kg2 a5 19. Ng5 Bxg5 20. Bxg5 a4 21. Qg4 Ba6 22. Bf6 Ng6 23. Bb1 gxf6 24. exf6 Rc7 25. h5 Qd8 26. hxg6 fxg6 27. Bxg6 Qxf6 28.
Bd3+ Rg7 29. Qe2 Bxd3 30. Qxd3 Rf7 31. Re2 Kf8 32. f4 Re7 33. Re5 Qg6 34. f5 exf5 35. Rxf5+ Kg7 36. Qf3 Re4 37. Rxd5 Qe6 38. Rg5+ Kh6 39.
Qh5# 1-0

[Event "Early-Titled-Tuesday-Blitz-February-27-2024"]
[Site "Chess.com"]
[Date "2024.02.27"]
[Round "2"]
[White "Mackster23"]
[Black "Mops_2004"]
[Result "0-1"]
[WhiteElo "2570"]
[BlackElo "2838"]
[TimeControl "180+1"]
[EndTime "8:16:00 PST"]
[Termination "Mops_2004 won by resignation"]

1. e4 g6 2. d4 Bg7 3. Nc3 d6 4.
Be3 a6 5. Qd2 b5 6. O-O-O Bb7 7.
f3 Nd7 8. h4 h6 9. Kb1 e6 10.
Bd3 Ne7 11. h5 g5 12. f4 gxf4 13. Bxf4 Bxd4 14. Bxh6 c5 15. Bg5 Qa5 16. Nge2 Be5 17. Nc1 c4 18. Be2 b4 19. Nd5 exd5 20. exd5 c3 21.
Qd3 Nc5 22. Qf3 cxb2 23. Nb3 Nxb3 24. cxb3 Nxd5 25. Qf5 Nc3+ 0-1

[Event "Early-Titled-Tuesday-Blitz-February-27-2024"]
[Site "Chess.com"]
[Date "2024.02.27"]
[Round "2"]
[White "Korchmar_Vasiliy"]
[Black "kuba2006"]
[Result "0-1"]
[WhiteElo "2719"]
[BlackElo "2437"]
[TimeControl "180+1"]
[EndTime "8:16:00 PST"]
[Termination "kuba2006 won by resignation"]

1. Nf3 Nf6 2. c4 e6 3. Nc3 d5 4. e3 Be7 5. b3 O-O 6. Bb2 b6 7.
Qc2 Bb7 8. Rg1 c5 9. Be2 Nc6 10. cxd5 exd5 11. g4 d4 12. Ne4 Nb4 13. Nxf6+ Bxf6 14. Qf5 d3 15. Bxf6 Qxf6 16. Qxf6 gxf6 17. Bxd3 Nxd3+ 18. Ke2 Nf4+ 19. exf4 Rfe8+ 20. Ne5 fxe5 21. f5 Rad8 22.
Rg3 Ba6+ 23. Ke1 e4 24. Rc1 f6 25. h4 h6 26. b4 Re5 27. Ra3 Bd3 28. Rxa7 h5 29. bxc5 bxc5 30. g5 Rxf5 31. g6 Rf4 32. f3 Rxf3 0-1

[Event "Early-Titled-Tuesday-Blitz-February-27-2024"]
[Site "Chess.com"]
[Date "2024.02.27"]
[Round "2"]
[White "NM_Antelacus"]
[Black "CaspiIsrael"]
[Result "0-1"]
[WhiteElo "2252"]
[BlackElo "2679"]
[TimeControl "180+1"]
[EndTime "8:16:01 PST"]
[Termination "CaspiIsrael won by resignation"]

1. e4 c5 2. Nf3 Nc6 3. Bb5 e6 4. O-O Nge7 5. Re1 a6 6. Bf1 b5 7. c3 c4 8. d4 cxd3 9. Bxd3 d6 10.
Nbd2 Bb7 11. Nf1 g6 12. Ng3 Bg7 13. Bf4 O-O 14. Bc2 e5 15. Bg5 h6 16. Be3 Kh7 17. Qd2 Qd7 18. Rad1 Rad8 19. Bb3 Na5 20. Qc2 Nxb3 21. axb3 f5 22. exf5 gxf5 23. Bb6 Rde8 24. Bc5 Nc8 25. Nh4 e4 26. Bd4 d5 27. Qd2 f4 28.
Bxg7 Qxg7 29. Ngf5 Qg5 30. g3 Rxf5 31. Nxf5 Qxf5 32. Qxf4 Qxf4 33. gxf4 Nd6 34. Kf1 Nf5 35. Ke2 Kg6 36. Rg1+ Kf6 37. b4 e3 38. fxe3 Rxe3+ 39. Kf2 Rh3 40. Kg2 Rh4 41. h3 Rxf4 42. Rgf1 Ne3+ 43.
Kg3 Rxf1 0-1